Monsters vs Ice Dragons
Created - April 18, 2021 at 19:20
Goals
|
Monsters |
2 |
3 |
1 |
0 |
0 |
6 |
Ice Dragons |
1 |
3 |
2 |
0 |
1 |
7 |
|
Shots
|
Monsters |
14 |
13 |
3 |
4 |
5 |
34 |
Ice Dragons |
18 |
14 |
8 |
0 |
5 |
40 |
|
1st period
1. Ice Dragons , Sam Carrick 34 (Billy Sweat 44, David Shields 9) at 8:25
2. Monsters , Matt Calvert 29 (Jared Knight 21, Shea Theodore 57) at 11:43
3. Monsters , Roman Josi 10 (Shea Theodore 58, Andrew Gordon 48) at 14:25 (PP)
Penalties :
Corban Knight (Kin) for Slashing (Minor) at 14:04, Mitch Marner (Cle) for Cross-checking (Minor) at 14:47
2nd period
4. Monsters , Andrew Gordon 28 (Justin Florek 27, Shea Theodore 59) at 0:46 (PP)
5. Ice Dragons , Theodor Blueger 10 (Logan MacMillan 29, Alex Plante 12) at 2:44
6. Monsters , Ryan Fitzgerald 6 (Justin Florek 28, Shea Theodore 60) at 3:54
7. Monsters , Matt Calvert 30 (Dominik Simon 34) at 12:49 (PP)
8. Ice Dragons , William Carrier 15 (Emil Pettersson 32) at 14:07
9. Ice Dragons , Juho Lammikko 6 (Logan MacMillan 30, Luca Sbisa 21) at 15:06
Penalties :
Kevin Connauton (Kin) for Boarding (Minor) at 0:35, Luca Sbisa (Kin) for Roughing (Minor) at 12:17, Emerson Etem (Cle) for High sticking (Minor) at 15:19
3rd period
10. Ice Dragons , Billy Sweat 46 (Luca Sbisa 22, Sam Carrick 38) at 3:54
11. Monsters , Roman Josi 11 (Dominik Simon 35) at 3:58
12. Ice Dragons , Chris Wagner 10 (Emil Pettersson 33, Sam Carrick 39) at 6:06
Penalties :
Juho Lammikko (Kin) for Roughing (Double Minor) at 9:18
Overtime #1
No Goal
Penalties :
No Penalty
Shootout
Monsters, Emerson Etem - Shot Misses the Net
Ice Dragons, Corban Knight - Shot Misses the Net
Monsters, Dominik Simon - Stopped by Brandon Halverson
Ice Dragons, Jordan LaVallee - Shot Misses the Net
Monsters, Andrew Gordon - Stopped by Brandon Halverson
Ice Dragons, Billy Sweat - Stopped by Eric Comrie
Monsters, Matt Calvert - Stopped by Brandon Halverson
Ice Dragons, Sam Carrick - Stopped by Eric Comrie
Monsters, Justin Florek - Stopped by Brandon Halverson
Ice Dragons, William Carrier - Goal!
Penalties :
No Penalty
Goalie Stats
Eric Comrie (Cle), 34 saves from 40 shots - (0.850), OTL, 11-12-7, 65:00 minutes
Brandon Halverson (Kin), 14 saves from 16 shots - (0.875), W, 11-5-4, 41:06 minutes
Joacim Eriksson (Kin), 14 saves from 18 shots - (0.778), 23:54 minutes
Players Stats for Monsters
Player Name G A P +/- PIM S H SB GA TA FO MP PP MP PK MP
------------------------------------------------------------------------------------
Aaron Ness 0 0 0 -3 0 1 2 1 0 0 0/0 19:38 1:54 1:21
Andrew Gordon 1 1 2 0 0 3 0 2 1 1 0/1 19:44 2:27 0:28
Austin Watson 0 0 0 0 0 4 2 0 0 0 0/0 11:04 0:52 1:16
Beau Starrett 0 0 0 0 0 0 0 0 0 0 0/1 6:44 0:00 0:00
Bobby Farnham 0 0 0 0 0 1 0 0 0 0 0/0 7:38 0:06 0:00
David Kolomatis 0 0 0 -2 0 0 0 0 0 0 0/0 17:05 0:08 0:00
Dillon Heatherington 0 0 0 -2 0 0 0 0 0 1 0/0 16:31 0:08 0:00
Dominik Simon 0 2 2 -2 0 1 2 1 1 0 14/28 22:59 1:45 1:23
Emerson Etem 0 0 0 -2 2 5 0 0 3 0 1/5 23:31 2:26 1:06
Jared Knight 0 1 1 0 0 3 0 1 1 0 2/9 18:17 0:53 0:47
Justin Florek 0 2 2 -1 0 1 2 1 0 0 2/4 13:12 2:25 0:09
Matt Calvert 2 0 2 0 0 4 3 0 1 0 0/1 18:42 1:45 0:28
Mitch Marner 0 0 0 -2 2 0 1 1 0 1 2/2 19:14 0:55 0:00
Morgan Rielly 0 0 0 -3 0 1 5 0 1 0 0/0 22:32 1:54 1:21
Ondrej Kase 0 0 0 -1 0 0 4 0 0 0 0/1 13:51 1:35 2:05
Roman Josi 2 0 2 2 0 2 1 2 0 0 0/0 27:57 3:01 2:37
Ryan Fitzgerald 1 0 1 -1 0 2 1 0 0 0 3/5 11:38 0:00 0:14
Shea Theodore 0 4 4 2 0 6 0 2 1 0 0/0 25:43 3:01 2:37
Players Stats for Ice Dragons
Player Name G A P +/- PIM S H SB GA TA FO MP PP MP PK MP
------------------------------------------------------------------------------------
Alex Plante 0 1 1 2 0 0 1 2 0 0 0/0 14:19 0:00 0:20
Billy Sweat 1 1 2 2 0 4 1 0 0 1 1/1 18:17 1:30 1:01
Brandon Kozun 0 0 0 -3 0 2 1 0 0 0 0/2 18:08 2:11 0:00
Chris Wagner 1 0 1 2 0 4 1 0 1 0 0/0 12:26 0:17 0:00
Corban Knight 0 0 0 -3 2 2 2 0 1 1 23/33 22:16 2:11 2:10
David Shields 0 1 1 2 0 3 1 0 0 0 0/0 14:54 0:00 0:31
Emil Pettersson 0 2 2 2 0 1 1 0 0 0 1/4 14:39 0:00 1:15
Jordan LaVallee 0 0 0 -3 0 2 1 1 1 0 0/2 22:44 2:11 2:43
Juho Lammikko 1 0 1 2 4 1 1 0 0 0 0/0 8:03 0:00 0:00
Justin Shugg 0 0 0 2 0 0 2 0 0 0 0/1 16:06 1:30 0:00
Kevin Connauton 0 0 0 0 2 4 3 1 0 0 0/0 28:11 2:36 2:59
Logan MacMillan 0 2 2 2 0 1 0 1 0 0 0/0 10:14 0:17 0:13
Luca Sbisa 0 2 2 1 2 1 2 1 0 1 0/0 22:17 1:22 1:33
Sam Carrick 1 2 3 2 0 4 3 0 0 0 6/9 18:17 1:30 1:01
Samuel Groulx 0 0 0 1 0 3 2 0 0 3 0/0 21:54 1:22 1:33
Theodor Blueger 1 0 1 2 0 1 2 0 0 0 2/4 8:43 0:00 0:37
William Carrier 1 0 1 2 0 4 2 0 0 0 0/1 15:02 0:17 1:06
Zach Trotman 0 0 0 0 0 3 3 2 0 3 0/0 28:23 2:36 3:10
3 Stars
1 - Sam Carrick (Kin)
2 - Roman Josi (Cle)
3 - Shea Theodore (Cle)
Power Play
Monsters - 3 on 5 Attempt(s) - 60.00%
Ice Dragons - 0 on 2 Attempt(s) - 0.00%
Penalty Kill
Monsters - 2 on 2 Attempt(s) - 100.00%
- Score 0 goal in Penalty Kill
Ice Dragons - 2 on 5 Attempt(s) - 40.00%
- Score 0 goal in Penalty Kill
Team Stat
Monsters - Hits : 23 - Faceoff Wins : 24 - Blocked Shots : 11 - Penalty Minutes : 4
Ice Dragons - Hits : 29 - Faceoff Wins : 33 - Blocked Shots : 8 - Penalty Minutes : 10
Official
Referees : Unknown
Linesman : Unknown
Game Notes
0:10 of 1st period - Ice Dragons goal is going for a video replay. After video review, No Goal. The goalkeeper has been pushed into the net together with the puck after making a save.
Brandon Halverson enters game at 3:54 of 2nd period
Finance
Level 1 -- Attendance: 1248 (62.40%) -- Ticket Income $49,920
Level 2 -- Attendance: 624 (62.40%) -- Ticket Income $12,480
Total Attendance: 1872 (62.40%)
Total Ticket Income: $62,400
Other Income: $3,120
Total Income: $65,520
Monsters
5 vs 5 Forward
Center Left Wing Right Wing Time % Phy DF OF
1 Dominik Simon Emerson Etem Mitch Marner 40 1 2 2
2 Jared Knight Matt Calvert Andrew Gordon 30 1 2 2
3 Ryan Fitzgerald Justin Florek Ondrej Kase 20 1 2 2
4 Beau Starrett Austin Watson Bobby Farnham 10 1 2 2
5 vs 5 Defense
Defense Defense Time % Phy DF OF
1 Roman Josi Shea Theodore 40 1 2 2
2 Morgan Rielly Aaron Ness 30 1 2 2
3 David Kolomatis Dillon Heatherington 20 1 2 2
4 Morgan Rielly Roman Josi 10 1 2 2
PowerPlay Forward
Center Left Wing Right Wing Time % Phy DF OF
1 Justin Florek Emerson Etem Andrew Gordon 60 1 2 2
2 Dominik Simon Matt Calvert Ondrej Kase 40 1 2 2
PowerPlay Defense
Defense Defense Time % Phy DF OF
1 Roman Josi Shea Theodore 60 1 2 2
2 Morgan Rielly Aaron Ness 40 1 2 2
Penalty Kill 4 Players Forward
Center Wing Time % Phy DF OF
1 Emerson Etem Ondrej Kase 60 1 2 2
2 Andrew Gordon Matt Calvert 40 1 2 2
Penalty Kill 4 Players Defense
Defense Defense Time % Phy DF OF
1 Roman Josi Shea Theodore 60 1 2 2
2 Morgan Rielly Aaron Ness 40 1 2 2
Penalty Kill - 3 Players Forward
Forward Time % Phy DF OF
1 Emerson Etem 60 1 2 2
2 Andrew Gordon 40 1 2 2
Penalty Kill - 3 Players Defense
Defense Defense Time % Phy DF OF
1 Roman Josi Shea Theodore 60 1 2 2
2 Morgan Rielly Aaron Ness 40 1 2 2
4 vs 4 Forward
Center Wing Time % Phy DF OF
1 Emerson Etem Dominik Simon 60 1 2 2
2 Andrew Gordon Matt Calvert 40 1 2 2
4 vs 4 Defense
Defense Defense Time % Phy DF OF
1 Roman Josi Shea Theodore 60 1 2 2
2 Morgan Rielly Aaron Ness 40 1 2 2
Last Minutes Offensive
Center Left Wing Right Wing Defense Defense
Matt Calvert Emerson Etem Andrew Gordon Roman Josi Shea Theodore
Last Minutes Defensive
Center Left Wing Right Wing Defense Defense
Matt Calvert Emerson Etem Andrew Gordon Roman Josi Shea Theodore
Goaltenders
Starting : Eric Comrie
Backup : Phoenix Copley
Extra Forwards
Normal : Emerson Etem, Matt Calvert, Andrew Gordon - PP : Emerson Etem, Matt Calvert - PK : Emerson Etem
Extra Defensemen
Normal : David Kolomatis, Dillon Heatherington, Roman Josi - PP : David Kolomatis - PK : Dillon Heatherington, Roman Josi
Penalty Shots
Emerson Etem, Dominik Simon, Andrew Gordon, Matt Calvert, Justin Florek
Scratches
Joakim Nordstrom (Healthy), Matt Grzelcyk (Healthy), Cameron Hughes (Healthy), Maxim Mamin (Healthy), Francis Perron (Healthy)
Richard Nejezchleb (Healthy)
Ice Dragons
5 vs 5 Forward
Center Left Wing Right Wing Time % Phy DF OF
1 Corban Knight Jordan LaVallee Brandon Kozun 40 1 2 2
2 Sam Carrick Billy Sweat Justin Shugg 30 1 2 2
3 Emil Pettersson William Carrier Chris Wagner 20 1 2 2
4 Theodor Blueger Logan MacMillan Juho Lammikko 10 1 2 2
5 vs 5 Defense
Defense Defense Time % Phy DF OF
1 Kevin Connauton Zach Trotman 40 1 2 2
2 Luca Sbisa Samuel Groulx 30 1 2 2
3 Alex Plante David Shields 20 1 2 2
4 Kevin Connauton Zach Trotman 10 1 2 2
PowerPlay Forward
Center Left Wing Right Wing Time % Phy DF OF
1 Corban Knight Jordan LaVallee Brandon Kozun 60 1 2 2
2 Sam Carrick Billy Sweat Justin Shugg 40 1 2 2
PowerPlay Defense
Defense Defense Time % Phy DF OF
1 Kevin Connauton Zach Trotman 60 1 2 2
2 Luca Sbisa Samuel Groulx 40 1 2 2
Penalty Kill 4 Players Forward
Center Wing Time % Phy DF OF
1 Corban Knight Jordan LaVallee 60 1 2 2
2 Billy Sweat Sam Carrick 40 1 2 2
Penalty Kill 4 Players Defense
Defense Defense Time % Phy DF OF
1 Kevin Connauton Zach Trotman 60 1 2 2
2 Luca Sbisa Samuel Groulx 40 1 2 2
Penalty Kill - 3 Players Forward
Forward Time % Phy DF OF
1 Corban Knight 60 1 2 2
2 Jordan LaVallee 40 1 2 2
Penalty Kill - 3 Players Defense
Defense Defense Time % Phy DF OF
1 Kevin Connauton Zach Trotman 60 1 2 2
2 Luca Sbisa Samuel Groulx 40 1 2 2
4 vs 4 Forward
Center Wing Time % Phy DF OF
1 Corban Knight Jordan LaVallee 60 1 2 2
2 Billy Sweat Sam Carrick 40 1 2 2
4 vs 4 Defense
Defense Defense Time % Phy DF OF
1 Kevin Connauton Zach Trotman 60 1 2 2
2 Luca Sbisa Samuel Groulx 40 1 2 2
Last Minutes Offensive
Center Left Wing Right Wing Defense Defense
Corban Knight Jordan LaVallee Brandon Kozun Kevin Connauton Zach Trotman
Last Minutes Defensive
Center Left Wing Right Wing Defense Defense
Corban Knight Jordan LaVallee Brandon Kozun Kevin Connauton Zach Trotman
Goaltenders
Starting : Joacim Eriksson
Backup : Brandon Halverson
Extra Forwards
Normal : William Carrier, Logan MacMillan, Emil Pettersson - PP : William Carrier, Logan MacMillan - PK : Emil Pettersson
Extra Defensemen
Normal : Alex Plante, David Shields, Luca Sbisa - PP : Alex Plante - PK : David Shields, Luca Sbisa
Penalty Shots
Corban Knight, Jordan LaVallee, Billy Sweat, Sam Carrick, William Carrier
Scratches
Thomas Gobeil (Healthy), Alex Henriksson (Healthy), Cole Ully (Healthy), Mario Lucia (Healthy), Phil Di Giuseppe (Healthy)
Jerome Gauthier-Leduc (Healthy), Robin Norell (Healthy), Alex Lintuniemi (Healthy), Oscar Dansk (Healthy)
% Time on Ice - Monsters
Lines # - Real PCT - Wanted PCT - Time Play
Normal Forward
1 - 34% - 40% - 17:26
2 - 33% - 30% - 16:50
3 - 20% - 20% - 9:59
4 - 13% - 10% - 6:44
Normal Defense
1 - 35% - 40% - 18:00
2 - 30% - 30% - 15:27
3 - 29% - 20% - 15:00
4 - 5% - 10% - 2:32
PP Forward
1 - 64% - 60% - 3:13
2 - 36% - 40% - 1:50
PP Defense
1 - 62% - 60% - 3:09
2 - 38% - 40% - 1:54
PK Forward
1 - 88% - 60% - 3:30
2 - 12% - 40% - 0:28
PK Defense
1 - 66% - 60% - 2:37
2 - 34% - 40% - 1:21
PK3 Forward
1 - 0% - 60%
2 - 0% - 40%
PK3 Defense
1 - 0% - 60%
2 - 0% - 40%
44 Forward
1 - 91% - 60% - 4:34
2 - 9% - 40% - 0:26
44 Defense
1 - 70% - 60% - 3:30
2 - 30% - 40% - 1:30
Last Minute Offensive - 0:00
Last Minute Defensive - 0:00
Total
Forward - 65:00
Defense - 65:00
|
% Time on Ice - Ice Dragons
Lines # - Real PCT - Wanted PCT - Time Play
Normal Forward
1 - 33% - 40% - 16:37
2 - 28% - 30% - 14:27
3 - 23% - 20% - 11:57
4 - 16% - 10% - 7:58
Normal Defense
1 - 38% - 40% - 19:10
2 - 34% - 30% - 17:14
3 - 25% - 20% - 12:39
4 - 4% - 10% - 1:56
PP Forward
1 - 62% - 60% - 2:28
2 - 38% - 40% - 1:30
PP Defense
1 - 66% - 60% - 2:36
2 - 34% - 40% - 1:22
PK Forward
1 - 80% - 60% - 4:02
2 - 20% - 40% - 1:01
PK Defense
1 - 63% - 60% - 3:10
2 - 37% - 40% - 1:53
PK3 Forward
1 - 0% - 60%
2 - 0% - 40%
PK3 Defense
1 - 0% - 60%
2 - 0% - 40%
44 Forward
1 - 74% - 60% - 3:41
2 - 26% - 40% - 1:19
44 Defense
1 - 57% - 60% - 2:52
2 - 43% - 40% - 2:08
Last Minute Offensive - 0:00
Last Minute Defensive - 0:00
Total
Forward - 65:00
Defense - 65:00
|
Play-by-Play
1st period
0:01 of 1st period - Corban Knight wins face-off versus Dominik Simon in neutral zone.
0:08 of 1st period - Snap shot by Corban Knight.
0:08 of 1st period - Shot Misses the Net.
0:10 of 1st period - Snap shot by Kevin Connauton.
0:10 of 1st period - Ice Dragons goal is going for a video replay.
0:10 of 1st period - The goal is refused. The goalkeeper has been pushed into the net together with the puck after making a save..
0:11 of 1st period - Sam Carrick wins face-off versus Jared Knight in Monsters zone.
0:36 of 1st period - Luca Sbisa is hit by Morgan Rielly and loses puck.
0:43 of 1st period - Slapshot by Ryan Fitzgerald.
0:43 of 1st period - Stopped by Joacim Eriksson with a rebound.
0:45 of 1st period - Wrist shot by Ondrej Kase.
0:45 of 1st period - Shot Misses the Net.
1:09 of 1st period - Slapshot by Corban Knight.
1:09 of 1st period - Stopped by Eric Comrie with a rebound.
1:11 of 1st period - Slapshot by Luca Sbisa.
1:11 of 1st period - Stopped by Eric Comrie with a rebound.
1:21 of 1st period - Snap shot by Austin Watson.
1:21 of 1st period - Stopped by Joacim Eriksson with a rebound.
1:23 of 1st period - Snap shot by Austin Watson.
1:23 of 1st period - Stopped by Joacim Eriksson without a rebound.
1:24 of 1st period - Theodor Blueger wins face-off versus Beau Starrett in Ice Dragons zone.
1:41 of 1st period - Slapshot by Logan MacMillan.
1:41 of 1st period - Deflect By Shea Theodore.
1:41 of 1st period - Stopped by Eric Comrie without a rebound.
1:42 of 1st period - Billy Sweat wins face-off versus Jared Knight in Monsters zone.
1:45 of 1st period - Snap shot by Billy Sweat.
1:45 of 1st period - Shot Misses the Net.
1:51 of 1st period - Snap shot by Billy Sweat.
1:51 of 1st period - Shot Misses the Net.
1:53 of 1st period - Snap shot by Sam Carrick.
1:53 of 1st period - Stopped by Eric Comrie with a rebound.
1:55 of 1st period - Slapshot by David Shields.
1:55 of 1st period - Stopped by Eric Comrie with a rebound.
1:57 of 1st period - Snap shot by Sam Carrick.
1:57 of 1st period - Stopped by Eric Comrie without a rebound.
1:58 of 1st period - Dominik Simon wins face-off versus Corban Knight in Monsters zone.
2:35 of 1st period - Snap shot by Emil Pettersson.
2:35 of 1st period - Stopped by Eric Comrie without a rebound.
2:36 of 1st period - Corban Knight wins face-off versus Ryan Fitzgerald in Monsters zone.
2:45 of 1st period - Corban Knight is hit by Ondrej Kase and loses puck.
3:09 of 1st period - Wrist shot by Matt Calvert.
3:09 of 1st period - Stopped by Joacim Eriksson without a rebound.
3:10 of 1st period - Sam Carrick wins face-off versus Dominik Simon in Ice Dragons zone.
3:59 of 1st period - Kevin Connauton is hit by Ondrej Kase and loses puck.
4:42 of 1st period - Snap shot by Emerson Etem.
4:42 of 1st period - Shot Misses the Net.
5:22 of 1st period - Chris Wagner is hit by Justin Florek and loses puck.
5:31 of 1st period - Shea Theodore is hit by William Carrier and loses puck.
5:51 of 1st period - Slapshot by Logan MacMillan.
5:51 of 1st period - Shot Blocked by Aaron Ness.
6:07 of 1st period - Wrist shot by Emerson Etem.
6:07 of 1st period - Stopped by Joacim Eriksson without a rebound.
6:08 of 1st period - Sam Carrick wins face-off versus Dominik Simon in Ice Dragons zone.
6:46 of 1st period - Samuel Groulx is hit by Mitch Marner.
7:14 of 1st period - Wrist shot by Emerson Etem.
7:14 of 1st period - Stopped by Joacim Eriksson with a rebound.
7:20 of 1st period - Aaron Ness is hit by Sam Carrick and loses puck.
7:29 of 1st period - Aaron Ness is hit by Sam Carrick and loses puck.
8:11 of 1st period - Snap shot by Billy Sweat.
8:11 of 1st period - Stopped by Eric Comrie with a rebound.
8:25 of 1st period - Wrist shot by Sam Carrick.
8:25 of 1st period - Goal by Sam Carrick - Monsters : 0 - Ice Dragons : 1.
8:26 of 1st period - Corban Knight wins face-off versus Jared Knight in neutral zone.
8:31 of 1st period - Snap shot by Jordan LaVallee.
8:31 of 1st period - Shot Blocked by Jared Knight.
8:33 of 1st period - Wrist shot by Corban Knight.
8:33 of 1st period - Shot Misses the Net.
8:35 of 1st period - Snap shot by Zach Trotman.
8:35 of 1st period - Shot Blocked by Shea Theodore.
8:37 of 1st period - Snap shot by Zach Trotman.
8:37 of 1st period - Stopped by Eric Comrie with a rebound.
8:39 of 1st period - Snap shot by Zach Trotman.
8:39 of 1st period - Shot Misses the Net.
8:41 of 1st period - Snap shot by Kevin Connauton.
8:41 of 1st period - Stopped by Eric Comrie with a rebound.
8:51 of 1st period - Zach Trotman is hit by Roman Josi and loses puck.
10:56 of 1st period - Brandon Kozun is hit by Morgan Rielly and loses puck.
11:11 of 1st period - Zach Trotman is hit by Morgan Rielly and loses puck.
11:22 of 1st period - Shea Theodore is hit by Theodor Blueger.
11:23 of 1st period - Icing by Shea Theodore.
11:24 of 1st period - Theodor Blueger wins face-off versus Ryan Fitzgerald in Monsters zone.
11:27 of 1st period - Wrist shot by Logan MacMillan.
11:27 of 1st period - Shot Blocked by Shea Theodore.
11:29 of 1st period - Snap shot by Alex Plante.
11:29 of 1st period - Shot Blocked by Roman Josi.
11:31 of 1st period - Backhand shot by David Shields.
11:31 of 1st period - Stopped by Eric Comrie without a rebound.
11:32 of 1st period - Corban Knight wins face-off versus Jared Knight in Monsters zone.
11:41 of 1st period - Slapshot by Matt Calvert.
11:41 of 1st period - Shot Misses the Net.
11:43 of 1st period - Wrist shot by Jared Knight.
11:43 of 1st period - Deflect By Matt Calvert.
11:43 of 1st period - Goal by Matt Calvert - Monsters : 1 - Ice Dragons : 1.
11:44 of 1st period - Corban Knight wins face-off versus Jared Knight in neutral zone.
11:53 of 1st period - Slapshot by Jordan LaVallee.
11:53 of 1st period - Stopped by Eric Comrie with a rebound.
11:57 of 1st period - Snap shot by Corban Knight.
11:57 of 1st period - Shot Misses the Net.
12:25 of 1st period - Icing by Aaron Ness.
12:26 of 1st period - Dominik Simon wins face-off versus Justin Shugg in Monsters zone.
12:39 of 1st period - Snap shot by Jared Knight.
12:39 of 1st period - Stopped by Joacim Eriksson with a rebound.
13:26 of 1st period - Wrist shot by Billy Sweat.
13:26 of 1st period - Stopped by Eric Comrie without a rebound.
13:27 of 1st period - Corban Knight wins face-off versus Matt Calvert in Monsters zone.
13:28 of 1st period - Slapshot by Jordan LaVallee.
13:28 of 1st period - Stopped by Eric Comrie with a rebound.
13:52 of 1st period - Kevin Connauton is hit by Aaron Ness and loses puck.
14:01 of 1st period - Wrist shot by Ondrej Kase.
14:01 of 1st period - Deflect By Zach Trotman.
14:01 of 1st period - Shot Misses the Net.
14:01 of 1st period - Puck is out of play.
14:02 of 1st period - Corban Knight wins face-off versus Jared Knight in Ice Dragons zone.
14:04 of 1st period - Minor Penalty to Corban Knight for Slashing.
14:05 of 1st period - Justin Florek wins face-off versus Emil Pettersson in Ice Dragons zone.
14:07 of 1st period - Slapshot by Shea Theodore.
14:07 of 1st period - Shot Blocked by Jordan LaVallee.
14:09 of 1st period - Slapshot by Shea Theodore.
14:09 of 1st period - Stopped by Joacim Eriksson with a rebound.
14:11 of 1st period - Snap shot by Justin Florek.
14:11 of 1st period - Shot Misses the Net.
14:13 of 1st period - Wrist shot by Shea Theodore.
14:13 of 1st period - Stopped by Joacim Eriksson with a rebound.
14:15 of 1st period - Snap shot by Andrew Gordon.
14:15 of 1st period - Deflect By Jordan LaVallee.
14:15 of 1st period - Stopped by Joacim Eriksson without a rebound.
14:16 of 1st period - Justin Florek wins face-off versus Emil Pettersson in Ice Dragons zone.
14:25 of 1st period - Slapshot by Roman Josi.
14:25 of 1st period - Goal by Roman Josi - Monsters : 2 - Ice Dragons : 1.
14:26 of 1st period - Corban Knight wins face-off versus Emerson Etem in neutral zone.
14:29 of 1st period - Snap shot by Jordan LaVallee.
14:29 of 1st period - Shot Blocked by Roman Josi.
14:31 of 1st period - Snap shot by Brandon Kozun.
14:31 of 1st period - Stopped by Eric Comrie with a rebound.
14:33 of 1st period - Wrist shot by Jordan LaVallee.
14:33 of 1st period - Shot Misses the Net.
14:35 of 1st period - Slapshot by Brandon Kozun.
14:35 of 1st period - Shot Misses the Net.
14:37 of 1st period - Wrist shot by Jordan LaVallee.
14:37 of 1st period - Shot Misses the Net.
14:39 of 1st period - Snap shot by Zach Trotman.
14:39 of 1st period - Stopped by Eric Comrie with a rebound.
14:41 of 1st period - Snap shot by Zach Trotman.
14:41 of 1st period - Shot Blocked by Dominik Simon.
14:47 of 1st period - Minor Penalty to Mitch Marner for Cross-checking.
14:48 of 1st period - Corban Knight wins face-off versus Ondrej Kase in Monsters zone.
15:03 of 1st period - Emerson Etem is hit by Corban Knight and loses puck.
15:11 of 1st period - Icing by Jordan LaVallee.
15:12 of 1st period - Corban Knight wins face-off versus Emerson Etem in Ice Dragons zone.
15:17 of 1st period - Shea Theodore is hit by Zach Trotman and loses puck.
15:30 of 1st period - Slapshot by Corban Knight.
15:30 of 1st period - Shot Misses the Net.
16:05 of 1st period - Snap shot by Zach Trotman.
16:05 of 1st period - Shot Misses the Net.
16:23 of 1st period - Sam Carrick is hit by Austin Watson and loses puck.
16:47 of 1st period - Penalty to Mitch Marner is over, Mitch Marner is back on ice.
17:37 of 1st period - Snap shot by Austin Watson.
17:37 of 1st period - Stopped by Joacim Eriksson with a rebound.
18:17 of 1st period - Aaron Ness is hit by Kevin Connauton and loses puck.
18:39 of 1st period - Justin Shugg is hit by Ryan Fitzgerald and loses puck.
19:20 of 1st period - Off-side.
19:21 of 1st period - Ryan Fitzgerald wins face-off versus Theodor Blueger in neutral zone.
19:43 of 1st period - Brandon Kozun is hit by Matt Calvert and loses puck.
19:54 of 1st period - Backhand shot by Shea Theodore.
19:54 of 1st period - Stopped by Joacim Eriksson without a rebound.
19:55 of 1st period - Dominik Simon wins face-off versus Sam Carrick in Ice Dragons zone.
Goals for this period are 2 for Monsters vs 1 for Ice Dragons.
Shots for this period are 14 for Monsters vs 18 for Ice Dragons.
2nd period
0:01 of 2nd period - Dominik Simon wins face-off versus Corban Knight in neutral zone.
0:04 of 2nd period - Brandon Kozun is hit by Dominik Simon and loses puck.
0:35 of 2nd period - Minor Penalty to Kevin Connauton for Boarding.
0:36 of 2nd period - Corban Knight wins face-off versus Justin Florek in Ice Dragons zone.
0:46 of 2nd period - Wrist shot by Justin Florek.
0:46 of 2nd period - Deflect By Andrew Gordon.
0:46 of 2nd period - Goal by Andrew Gordon - Monsters : 3 - Ice Dragons : 1.
0:47 of 2nd period - Dominik Simon wins face-off versus Corban Knight in neutral zone.
1:33 of 2nd period - Billy Sweat is hit by Ondrej Kase and loses puck.
1:38 of 2nd period - Wrist shot by Justin Florek.
1:38 of 2nd period - Stopped by Joacim Eriksson with a rebound.
2:44 of 2nd period - Wrist shot by Theodor Blueger.
2:44 of 2nd period - Goal by Theodor Blueger - Monsters : 3 - Ice Dragons : 2.
2:45 of 2nd period - Dominik Simon wins face-off versus Jordan LaVallee in neutral zone.
2:48 of 2nd period - Slapshot by Aaron Ness.
2:48 of 2nd period - Stopped by Joacim Eriksson without a rebound.
2:49 of 2nd period - Corban Knight wins face-off versus Dominik Simon in Ice Dragons zone.
3:46 of 2nd period - Snap shot by Billy Sweat.
3:46 of 2nd period - Stopped by Eric Comrie without a rebound.
3:47 of 2nd period - Ryan Fitzgerald wins face-off versus Corban Knight in Monsters zone.
3:52 of 2nd period - Slapshot by Justin Florek.
3:52 of 2nd period - Shot Misses the Net.
3:54 of 2nd period - Wrist shot by Ryan Fitzgerald.
3:54 of 2nd period - Goal by Ryan Fitzgerald - Monsters : 4 - Ice Dragons : 2.
3:54 of 2nd period - Brandon Halverson enters game.
3:55 of 2nd period - Corban Knight wins face-off versus Dominik Simon in neutral zone.
4:26 of 2nd period - Wrist shot by Matt Calvert.
4:26 of 2nd period - Deflect By Andrew Gordon.
4:26 of 2nd period - Stopped by Brandon Halverson with a rebound.
6:17 of 2nd period - Alex Plante is hit by Morgan Rielly and loses puck.
8:27 of 2nd period - Morgan Rielly is hit by Kevin Connauton and loses puck.
8:38 of 2nd period - Slapshot by Chris Wagner.
8:38 of 2nd period - Shot Blocked by Andrew Gordon.
8:48 of 2nd period - Luca Sbisa is hit by Justin Florek and loses puck.
9:21 of 2nd period - Snap shot by Jordan LaVallee.
9:21 of 2nd period - Shot Misses the Net.
9:23 of 2nd period - Slapshot by Alex Plante.
9:23 of 2nd period - Shot Blocked by Justin Florek.
9:25 of 2nd period - Wrist shot by Samuel Groulx.
9:25 of 2nd period - Shot Misses the Net.
9:27 of 2nd period - Wrist shot by David Shields.
9:27 of 2nd period - Deflect By Ryan Fitzgerald.
9:27 of 2nd period - Stopped by Eric Comrie without a rebound.
9:28 of 2nd period - Mitch Marner wins face-off versus Sam Carrick in Monsters zone.
9:41 of 2nd period - Mitch Marner is hit by Billy Sweat and loses puck.
9:54 of 2nd period - David Shields is hit by Matt Calvert and loses puck.
10:23 of 2nd period - Dillon Heatherington is hit by Theodor Blueger and loses puck.
11:00 of 2nd period - Wrist shot by Emerson Etem.
11:00 of 2nd period - Stopped by Brandon Halverson with a rebound.
11:08 of 2nd period - Dominik Simon is hit by Jordan LaVallee and loses puck.
11:23 of 2nd period - Slapshot by Kevin Connauton.
11:23 of 2nd period - Deflect By William Carrier.
11:23 of 2nd period - Stopped by Eric Comrie without a rebound.
11:24 of 2nd period - Jared Knight wins face-off versus Emil Pettersson in Monsters zone.
11:29 of 2nd period - Slapshot by Morgan Rielly.
11:29 of 2nd period - Deflect By Matt Calvert.
11:29 of 2nd period - Stopped by Brandon Halverson with a rebound.
11:31 of 2nd period - Wrist shot by Matt Calvert.
11:31 of 2nd period - Shot Blocked by Luca Sbisa.
11:33 of 2nd period - Slapshot by Jared Knight.
11:33 of 2nd period - Stopped by Brandon Halverson with a rebound.
11:35 of 2nd period - Slapshot by Morgan Rielly.
11:35 of 2nd period - Stopped by Brandon Halverson without a rebound.
11:36 of 2nd period - Dominik Simon wins face-off versus Corban Knight in Ice Dragons zone.
11:54 of 2nd period - Icing by Luca Sbisa.
11:55 of 2nd period - Jared Knight wins face-off versus Brandon Kozun in Ice Dragons zone.
12:11 of 2nd period - Slapshot by Shea Theodore.
12:11 of 2nd period - Deflect By Jared Knight.
12:11 of 2nd period - Stopped by Brandon Halverson with a rebound.
12:17 of 2nd period - Minor Penalty to Luca Sbisa for Roughing.
12:18 of 2nd period - Corban Knight wins face-off versus Andrew Gordon in Ice Dragons zone.
12:44 of 2nd period - Zach Trotman is hit by Ondrej Kase and loses puck.
12:49 of 2nd period - Wrist shot by Matt Calvert.
12:49 of 2nd period - Goal by Matt Calvert - Monsters : 5 - Ice Dragons : 2.
12:50 of 2nd period - Sam Carrick wins face-off versus Dominik Simon in neutral zone.
13:15 of 2nd period - Shea Theodore is hit by Brandon Kozun and loses puck.
13:27 of 2nd period - Wrist shot by Brandon Kozun.
13:27 of 2nd period - Stopped by Eric Comrie with a rebound.
13:41 of 2nd period - Slapshot by Shea Theodore.
13:41 of 2nd period - Shot Blocked by Logan MacMillan.
13:47 of 2nd period - Slapshot by Samuel Groulx.
13:47 of 2nd period - Stopped by Eric Comrie with a rebound.
14:03 of 2nd period - Slapshot by William Carrier.
14:03 of 2nd period - Stopped by Eric Comrie without a rebound.
14:04 of 2nd period - Emil Pettersson wins face-off versus Dominik Simon in Monsters zone.
14:07 of 2nd period - Snap shot by William Carrier.
14:07 of 2nd period - Goal by William Carrier - Monsters : 5 - Ice Dragons : 3.
14:08 of 2nd period - Dominik Simon wins face-off versus Corban Knight in neutral zone.
14:21 of 2nd period - Snap shot by Emerson Etem.
14:21 of 2nd period - Stopped by Brandon Halverson with a rebound.
14:23 of 2nd period - Snap shot by Emerson Etem.
14:23 of 2nd period - Stopped by Brandon Halverson with a rebound.
15:06 of 2nd period - Snap shot by Juho Lammikko.
15:06 of 2nd period - Goal by Juho Lammikko - Monsters : 5 - Ice Dragons : 4.
15:07 of 2nd period - Dominik Simon wins face-off versus Brandon Kozun in neutral zone.
15:19 of 2nd period - Minor Penalty to Emerson Etem for High sticking.
15:20 of 2nd period - Corban Knight wins face-off versus Dominik Simon in Monsters zone.
15:56 of 2nd period - Slapshot by Kevin Connauton.
15:56 of 2nd period - Stopped by Eric Comrie with a rebound.
17:19 of 2nd period - Penalty to Emerson Etem is over, Emerson Etem is back on ice.
17:26 of 2nd period - Snap shot by Chris Wagner.
17:26 of 2nd period - Stopped by Eric Comrie with a rebound.
17:28 of 2nd period - Slapshot by Kevin Connauton.
17:28 of 2nd period - Stopped by Eric Comrie with a rebound.
17:30 of 2nd period - Slapshot by Zach Trotman.
17:30 of 2nd period - Stopped by Eric Comrie without a rebound.
17:31 of 2nd period - Dominik Simon wins face-off versus Theodor Blueger in Monsters zone.
17:31 of 2nd period - Dominik Simon is hit by Juho Lammikko.
17:45 of 2nd period - Snap shot by Logan MacMillan.
17:45 of 2nd period - Shot Misses the Net.
17:52 of 2nd period - Icing by Emerson Etem.
17:53 of 2nd period - Dominik Simon wins face-off versus William Carrier in Monsters zone.
18:08 of 2nd period - Andrew Gordon is hit by Chris Wagner and loses puck.
18:23 of 2nd period - Chris Wagner is hit by Matt Calvert and loses puck.
18:43 of 2nd period - Backhand shot by Samuel Groulx.
18:43 of 2nd period - Deflect By Dillon Heatherington.
18:43 of 2nd period - Stopped by Eric Comrie with a rebound.
19:26 of 2nd period - Matt Calvert is hit by Samuel Groulx and loses puck.
19:46 of 2nd period - Off-side.
19:47 of 2nd period - Dominik Simon wins face-off versus Jordan LaVallee in neutral zone.
19:55 of 2nd period - Slapshot by Emerson Etem.
19:55 of 2nd period - Shot Blocked by Zach Trotman.
Goals for this period are 3 for Monsters vs 3 for Ice Dragons.
Shots for this period are 13 for Monsters vs 14 for Ice Dragons.
3rd period
0:01 of 3rd period - Corban Knight wins face-off versus Dominik Simon in neutral zone.
0:32 of 3rd period - Off-side.
0:33 of 3rd period - Ryan Fitzgerald wins face-off versus Sam Carrick in neutral zone.
1:14 of 3rd period - Brandon Kozun is hit by Dominik Simon and loses puck.
1:25 of 3rd period - Andrew Gordon is hit by Kevin Connauton and loses puck.
1:30 of 3rd period - Wrist shot by William Carrier.
1:30 of 3rd period - Stopped by Eric Comrie with a rebound.
1:32 of 3rd period - Slapshot by David Shields.
1:32 of 3rd period - Shot Misses the Net.
1:34 of 3rd period - Slapshot by David Shields.
1:34 of 3rd period - Shot Blocked by Andrew Gordon.
1:36 of 3rd period - Snap shot by William Carrier.
1:36 of 3rd period - Shot Misses the Net.
1:46 of 3rd period - David Shields is hit by Austin Watson and loses puck.
1:57 of 3rd period - Snap shot by Austin Watson.
1:57 of 3rd period - Shot Misses the Net.
1:59 of 3rd period - Snap shot by Austin Watson.
1:59 of 3rd period - Shot Blocked by Alex Plante.
2:39 of 3rd period - Slapshot by Emerson Etem.
2:39 of 3rd period - Shot Misses the Net.
2:41 of 3rd period - Wrist shot by Mitch Marner.
2:41 of 3rd period - Shot Misses the Net.
3:28 of 3rd period - Icing by Sam Carrick.
3:29 of 3rd period - Sam Carrick wins face-off versus Dominik Simon in Ice Dragons zone.
3:42 of 3rd period - Snap shot by Sam Carrick.
3:42 of 3rd period - Stopped by Eric Comrie with a rebound.
3:54 of 3rd period - Slapshot by Billy Sweat.
3:54 of 3rd period - Goal by Billy Sweat - Monsters : 5 - Ice Dragons : 5.
3:55 of 3rd period - Dominik Simon wins face-off versus Corban Knight in neutral zone.
3:58 of 3rd period - Slapshot by Roman Josi.
3:58 of 3rd period - Deflect By Kevin Connauton.
3:58 of 3rd period - Goal by Roman Josi - Monsters : 6 - Ice Dragons : 5.
3:59 of 3rd period - Corban Knight wins face-off versus Dominik Simon in neutral zone.
4:52 of 3rd period - Wrist shot by Justin Florek.
4:52 of 3rd period - Shot Misses the Net.
5:32 of 3rd period - Snap shot by Mitch Marner.
5:32 of 3rd period - Shot Misses the Net.
5:34 of 3rd period - Snap shot by Emerson Etem.
5:34 of 3rd period - Shot Blocked by Alex Plante.
6:06 of 3rd period - Snap shot by Chris Wagner.
6:06 of 3rd period - Goal by Chris Wagner - Monsters : 6 - Ice Dragons : 6.
6:07 of 3rd period - Mitch Marner wins face-off versus Corban Knight in neutral zone.
6:37 of 3rd period - Matt Calvert is hit by Zach Trotman and loses puck.
7:00 of 3rd period - Snap shot by Chris Wagner.
7:00 of 3rd period - Deflect By Aaron Ness.
7:00 of 3rd period - Stopped by Eric Comrie without a rebound.
7:01 of 3rd period - Corban Knight wins face-off versus Dominik Simon in Monsters zone.
7:02 of 3rd period - Snap shot by Jordan LaVallee.
7:02 of 3rd period - Deflect By Shea Theodore.
7:02 of 3rd period - Shot Blocked by Mitch Marner.
7:02 of 3rd period - Puck is out of play.
7:03 of 3rd period - Corban Knight wins face-off versus Dominik Simon in Monsters zone.
7:10 of 3rd period - Snap shot by Corban Knight.
7:10 of 3rd period - Stopped by Eric Comrie without a rebound.
7:11 of 3rd period - Corban Knight wins face-off versus Dominik Simon in Monsters zone.
7:12 of 3rd period - Wrist shot by Jordan LaVallee.
7:12 of 3rd period - Shot Misses the Net.
7:14 of 3rd period - Wrist shot by Samuel Groulx.
7:14 of 3rd period - Stopped by Eric Comrie with a rebound.
7:16 of 3rd period - Snap shot by Jordan LaVallee.
7:16 of 3rd period - Deflect By Dominik Simon.
7:16 of 3rd period - Shot Misses the Net.
7:16 of 3rd period - Puck is out of play.
7:17 of 3rd period - Dominik Simon wins face-off versus Corban Knight in Monsters zone.
7:46 of 3rd period - Slapshot by Roman Josi.
7:46 of 3rd period - Shot Misses the Net.
7:48 of 3rd period - Slapshot by Morgan Rielly.
7:48 of 3rd period - Shot Misses the Net.
7:50 of 3rd period - Slapshot by Roman Josi.
7:50 of 3rd period - Deflect By Andrew Gordon.
7:50 of 3rd period - Shot Blocked by Zach Trotman.
7:50 of 3rd period - Puck is out of play.
7:51 of 3rd period - Sam Carrick wins face-off versus Jared Knight in Ice Dragons zone.
9:10 of 3rd period - Wrist shot by Austin Watson.
9:10 of 3rd period - Stopped by Brandon Halverson with a rebound.
9:12 of 3rd period - Slapshot by Bobby Farnham.
9:12 of 3rd period - Stopped by Brandon Halverson with a rebound.
9:18 of 3rd period - Double Minor Penalty to Juho Lammikko for Roughing.
9:19 of 3rd period - Corban Knight wins face-off versus Justin Florek in Ice Dragons zone.
9:30 of 3rd period - Slapshot by Roman Josi.
9:30 of 3rd period - Shot Misses the Net.
10:22 of 3rd period - Justin Florek is hit by Sam Carrick and loses puck.
11:27 of 3rd period - Jared Knight is hit by Samuel Groulx and loses puck.
11:36 of 3rd period - Billy Sweat is hit by Morgan Rielly and loses puck.
13:18 of 3rd period - Penalty to Juho Lammikko is over, Juho Lammikko is back on ice.
14:02 of 3rd period - Justin Florek is hit by Luca Sbisa and loses puck.
14:49 of 3rd period - David Kolomatis is hit by Justin Shugg and loses puck.
15:22 of 3rd period - Emerson Etem is hit by Alex Plante and loses puck.
15:51 of 3rd period - Jared Knight is hit by Justin Shugg.
16:21 of 3rd period - Jordan LaVallee is hit by Aaron Ness and loses puck.
16:28 of 3rd period - Wrist shot by Bobby Farnham.
16:28 of 3rd period - Shot Misses the Net.
18:24 of 3rd period - Ryan Fitzgerald is hit by William Carrier and loses puck.
18:29 of 3rd period - Snap shot by Chris Wagner.
18:29 of 3rd period - Stopped by Eric Comrie with a rebound.
19:02 of 3rd period - Shea Theodore is hit by Luca Sbisa and loses puck.
19:54 of 3rd period - Andrew Gordon is hit by Emil Pettersson and loses puck.
Goals for this period are 1 for Monsters vs 2 for Ice Dragons.
Shots for this period are 3 for Monsters vs 8 for Ice Dragons.
Overtime #1
0:01 of 1st overtime period - Emerson Etem wins face-off versus Corban Knight in neutral zone.
0:03 of 1st overtime period - Off-side.
0:04 of 1st overtime period - Corban Knight wins face-off versus Emerson Etem in neutral zone.
0:13 of 1st overtime period - Wrist shot by Dominik Simon.
0:13 of 1st overtime period - Stopped by Brandon Halverson with a rebound.
0:15 of 1st overtime period - Slapshot by Shea Theodore.
0:15 of 1st overtime period - Shot Blocked by Kevin Connauton.
0:17 of 1st overtime period - Slapshot by Shea Theodore.
0:17 of 1st overtime period - Stopped by Brandon Halverson without a rebound.
0:18 of 1st overtime period - Corban Knight wins face-off versus Emerson Etem in Ice Dragons zone.
0:25 of 1st overtime period - Slapshot by Zach Trotman.
0:25 of 1st overtime period - Shot Misses the Net.
0:33 of 1st overtime period - Slapshot by Shea Theodore.
0:33 of 1st overtime period - Stopped by Brandon Halverson with a rebound.
1:07 of 1st overtime period - Slapshot by Shea Theodore.
1:07 of 1st overtime period - Stopped by Brandon Halverson with a rebound.
1:57 of 1st overtime period - Andrew Gordon is hit by Zach Trotman and loses puck.
3:33 of 1st overtime period - Aaron Ness is hit by David Shields and loses puck.
4:01 of 1st overtime period - Austin Watson is hit by Corban Knight and loses puck.
4:50 of 1st overtime period - Wrist shot by Billy Sweat.
4:50 of 1st overtime period - Shot Misses the Net.
Goals for this period are 0 for Monsters vs 0 for Ice Dragons.
Shots for this period are 4 for Monsters vs 0 for Ice Dragons.
ShootOut
5:00 of 1st overtime period - Round #1.
5:00 of 1st overtime period - Monsters, Emerson Etem.
5:00 of 1st overtime period - Snap shot by Emerson Etem.
5:00 of 1st overtime period - Shot Misses the Net.
5:00 of 1st overtime period - Ice Dragons, Corban Knight.
5:00 of 1st overtime period - Deke by Corban Knight.
5:00 of 1st overtime period - Shot Misses the Net.
5:00 of 1st overtime period - Round #2.
5:00 of 1st overtime period - Monsters, Dominik Simon.
5:00 of 1st overtime period - Snap shot by Dominik Simon.
5:00 of 1st overtime period - Stopped by Brandon Halverson.
5:00 of 1st overtime period - Ice Dragons, Jordan LaVallee.
5:00 of 1st overtime period - Wrist shot by Jordan LaVallee.
5:00 of 1st overtime period - Shot Misses the Net.
5:00 of 1st overtime period - Round #3.
5:00 of 1st overtime period - Monsters, Andrew Gordon.
5:00 of 1st overtime period - Snap shot by Andrew Gordon.
5:00 of 1st overtime period - Stopped by Brandon Halverson.
5:00 of 1st overtime period - Ice Dragons, Billy Sweat.
5:00 of 1st overtime period - Wrist shot by Billy Sweat.
5:00 of 1st overtime period - Stopped by Eric Comrie.
5:00 of 1st overtime period - Round #4.
5:00 of 1st overtime period - Monsters, Matt Calvert.
5:00 of 1st overtime period - Snap shot by Matt Calvert.
5:00 of 1st overtime period - Stopped by Brandon Halverson.
5:00 of 1st overtime period - Ice Dragons, Sam Carrick.
5:00 of 1st overtime period - Backhand shot by Sam Carrick.
5:00 of 1st overtime period - Stopped by Eric Comrie.
5:00 of 1st overtime period - Round #5.
5:00 of 1st overtime period - Monsters, Justin Florek.
5:00 of 1st overtime period - Backhand shot by Justin Florek.
5:00 of 1st overtime period - Stopped by Brandon Halverson.
5:00 of 1st overtime period - Ice Dragons, William Carrier.
5:00 of 1st overtime period - Backhand shot by William Carrier.
5:00 of 1st overtime period - Goal by William Carrier.